AoeStats
← Topi-Petteri

Arabia

507443161Analyzed
1v1 RM · 14d ago on Sep 18, 2026· 36m 30s· 2 players
Game mode
Random Map
Map size
Tiny (2 player)
Population
200
Speed
Normal
Resources
Standard
Victory
Conquest
Starting age
Dark Age
Ending age
Imperial Age
RankedLock teamsTeams togetherTeam positionsShared explorationLock speedFull tech treeHidden civsTurbo modeCheats
Victory
Defeat
🇦🇷 Aztecs · Argentina
794
+16
🇫🇮 Poles · Finland
788
-16
Topi-Petteri
9:42 Feudal Age
7:59 Loom
10:28 Double-Bit Axe
11:30 Horse Collar
15:38 Forging
18:35 Scale Barding Armor
19:30 Bloodlines
21:14 Wheelbarrow
20:52 Man-at-Arms
21:35 Scale Mail Armor
30:32 Castle Age
28:18 Town Watch
32:52 Hand Cart
33:26 Chain Mail Armor
32:35 Long Swordsman
33:48 Bow Saw
valium
6:07 Loom
9:52 Feudal Age
12:50 Double-Bit Axe
14:27 Horse Collar
20:07 Wheelbarrow
20:24 Wheelbarrow
20:20 Scale Mail Armor
20:31 Forging
22:32 Castle Age
22:43 Pikeman
24:17 Squires
25:34 Fletching
26:23 Bodkin Arrow
32:46 Arson
Connection lost

Rejoining the realm…

Still unreachable

The connection could not be restored.

Session expired

The server has moved on; the page needs a fresh start.